NYP
WILLIAMSPORT CROSSCUTTERS @ MILWAUKEE (NYP) BREWERS
05/25/2048
 
TOP OF THE 1ST
Williamsport Crosscutters batting - Pitching for Milwaukee (NYP) Brewers : RHP Jay Cowgill
Pitching: RHP Jay Cowgill
Batting: RHB Xavier Castellanos 0-0: Foul Ball, location: 2F
0-1: Ball
1-1: Ball
2-1: Foul Ball, location: 2F
2-2: Fly out, F5 (Popup, 25F, EV 87.5 MPH)
Batting: RHB Jason Ostrom 0-0: Ball
1-0: Called Strike
1-1: Foul Ball, location: 2F
1-2: Strikes out swinging
Batting: RHB John Manocchio 0-0: Ball
1-0: Ground out 6-3 (Groundball, 6, EV 86.2 MPH)
Top of the 1st over - 0 runs, 0 hits, 0 errors, 0 left on base; Williamsport 0 - Milwaukee (NYP) 0
BOTTOM OF THE 1ST
Milwaukee (NYP) Brewers batting - Pitching for Williamsport Crosscutters : LHP Drew Roemer
Pitching: LHP Drew Roemer
Batting: RHB Chris Maul 0-0: Ball
1-0: Ball
2-0: Ball
3-0: SINGLE (Groundball, 56D, EV 103.8 MPH) (infield hit)
Batting: LHB Jason Raker 0-0: Called Strike
0-1: Ball
1-1: Ball
Chris Maul steals 2nd base
2-1: Swinging Strike
2-2: Strikes out looking
Batting: RHB Victor Alarcon 0-0: Called Strike
Chris Maul steals 3rd base
0-1: Foul Ball, location: 2F
0-2: Ball
1-2: Foul Ball, location: 2F
1-2: Ground out 5-3 (Groundball, 5S, EV 68.1 MPH)
Batting: SHB Justin Hensley 0-0: Called Strike
0-1: Swinging Strike
Balk!
Chris Maul scores
0-2: Ball
1-2: Foul Ball, location: 2F
1-2: SINGLE (Groundball, 34D, EV 99.4 MPH)
Batting: RHB Jose Cerritos 0-0: Ball
1-0: Called Strike
Justin Hensley is caught stealing 2nd base 2-4
Bottom of the 1st over - 1 run, 2 hits, 0 errors, 0 left on base; Williamsport 0 - Milwaukee (NYP) 1
TOP OF THE 2ND
Williamsport Crosscutters batting - Pitching for Milwaukee (NYP) Brewers : RHP Jay Cowgill
Batting: RHB John Parra 0-0: Ground out 4-3 (Groundball, 4, EV 110.6 MPH)
Batting: SHB Nick Chandler 0-0: Called Strike
0-1: Called Strike
0-2: Ball
1-2: Foul Ball, location: 2F
1-2: Foul Ball, location: 2F
1-2: Foul Ball, location: 2F
1-2: Strikes out swinging, 2-3 out at first.
Batting: RHB Shintaro Katsumata 0-0: Called Strike
0-1: Foul Ball, location: 2F
0-2: Foul Ball, location: 2F
0-2: Ball
1-2: Ball
2-2: DOUBLE (Line Drive, 9LM, EV 106.9 MPH)
Batting: SHB Art Kent 0-0: Called Strike
0-1: Ball
1-1: Foul Ball, location: 2F
1-2: Ball
2-2: 2-RUN HOME RUN (Flyball, 9LD, EV 92.5 MPH), Distance : 343 ft
Batting: RHB Nick Cottrell 0-0: Foul Ball, location: 2F
0-1: Ground out 4-3 (Groundball, 4, EV 103.1 MPH)
Top of the 2nd over - 2 runs, 2 hits, 0 errors, 0 left on base; Williamsport 2 - Milwaukee (NYP) 1
BOTTOM OF THE 2ND
Milwaukee (NYP) Brewers batting - Pitching for Williamsport Crosscutters : LHP Drew Roemer
Batting: RHB Jose Cerritos 0-0: Called Strike
0-1: Ball
1-1: Swinging Strike
1-2: Strikes out swinging
Batting: SHB Aaron Neill 0-0: Ball
1-0: Ball
2-0: Ball
3-0: Called Strike
3-1: Called Strike
3-2: Strikes out swinging
Batting: SHB Craig Wright 0-0: Ground out 5-3 (Groundball, 56S, EV 66.9 MPH)
Bottom of the 2nd over - 0 runs, 0 hits, 0 errors, 0 left on base; Williamsport 2 - Milwaukee (NYP) 1
TOP OF THE 3RD
Williamsport Crosscutters batting - Pitching for Milwaukee (NYP) Brewers : RHP Jay Cowgill
Batting: RHB Bill Williams 0-0: Swinging Strike
0-1: Ball
1-1: Called Strike
1-2: Strikes out swinging
Batting: RHB Xavier Castellanos 0-0: Ball
1-0: SINGLE (Flyball, 8RS, EV 90.6 MPH)
Batting: RHB Jason Ostrom 0-0: Called Strike
0-1: SINGLE (Groundball, 6D, EV 105.6 MPH)
Xavier Castellanos to second
Batting: RHB John Manocchio 0-0: Called Strike
0-1: Ball
1-1: Swinging Strike
1-2: Strikes out swinging
Batting: RHB John Parra 0-0: Foul Ball, location: 2F
0-1: Ball
1-1: Called Strike
1-2: Ground out 3-1 (Groundball, 34, EV 98.1 MPH)
Top of the 3rd over - 0 runs, 2 hits, 0 errors, 2 left on base; Williamsport 2 - Milwaukee (NYP) 1
BOTTOM OF THE 3RD
Milwaukee (NYP) Brewers batting - Pitching for Williamsport Crosscutters : LHP Drew Roemer
Batting: RHB Jonathan Sarles 0-0: Fly out, F8 (Flyball, 8RM, EV 90.0 MPH)
Batting: RHB Michael Dickerson 0-0: Foul Ball, location: 2F
0-1: Ground out 4-3 (Groundball, 4, EV 100.6 MPH)
Batting: RHB Chris Maul 0-0: SINGLE (Flyball, 34D, EV 94.4 MPH)
Batting: LHB Jason Raker 0-0: Called Strike
Chris Maul steals 2nd base
0-1: Ball
1-1: Ball
2-1: Swinging Strike
2-2: Fly out, F8 (Flyball, 8LM, EV 90.6 MPH)
Bottom of the 3rd over - 0 runs, 1 hit, 0 errors, 1 left on base; Williamsport 2 - Milwaukee (NYP) 1
TOP OF THE 4TH
Williamsport Crosscutters batting - Pitching for Milwaukee (NYP) Brewers : RHP Jay Cowgill
Batting: SHB Nick Chandler 0-0: Called Strike
0-1: Ball
1-1: SINGLE (Groundball, 6D, EV 96.9 MPH)
Batting: RHB Shintaro Katsumata 0-0: Ball
1-0: Called Strike
1-1: Swinging Strike
1-2: Foul Ball, location: 2F
1-2: Strikes out swinging
Batting: SHB Art Kent 0-0: Ball
1-0: Ball
2-0: Ball
3-0: Called Strike
3-1: Called Strike
3-2: Fielders Choice at 2nd, 1-6 (Groundball, 23, EV 69.4 MPH)
Batting: RHB Nick Cottrell 0-0: Ball
1-0: Ball
2-0: Called Strike
2-1: SINGLE (Groundball, 34D, EV 110.0 MPH)
Art Kent to second
Runner from 2nd tries for 3rd, OUT! 9-5
Top of the 4th over - 0 runs, 2 hits, 0 errors, 1 left on base; Williamsport 2 - Milwaukee (NYP) 1
BOTTOM OF THE 4TH
Milwaukee (NYP) Brewers batting - Pitching for Williamsport Crosscutters : LHP Drew Roemer
Batting: RHB Victor Alarcon 0-0: SINGLE (Groundball, 6MD, EV 93.8 MPH)
Batting: SHB Justin Hensley 0-0: Called Strike
Victor Alarcon steals 2nd base
0-1: Foul Ball, location: 2F
0-2: Foul Ball, location: 2F
0-2: Foul Ball, location: 2F
0-2: Ground out 6-3 (Groundball, 6, EV 85.6 MPH)
Victor Alarcon to third
Batting: RHB Jose Cerritos 0-0: Ball
1-0: Ball
2-0: Ball
3-0: Called Strike
3-1: Fly out, F7 (Flyball, 7S, EV 85.6 MPH)
Batting: SHB Aaron Neill 0-0: Swinging Strike
0-1: Ball
1-1: Foul Ball, location: 2F
1-2: Strikes out swinging
Bottom of the 4th over - 0 runs, 1 hit, 0 errors, 1 left on base; Williamsport 2 - Milwaukee (NYP) 1
TOP OF THE 5TH
Williamsport Crosscutters batting - Pitching for Milwaukee (NYP) Brewers : RHP Jay Cowgill
Batting: RHB Bill Williams 0-0: Called Strike
0-1: Foul Ball, location: 2F
0-2: Strikes out swinging
Batting: RHB Xavier Castellanos 0-0: Called Strike
0-1: Ball
1-1: Ground out 6-3 (Groundball, 6, EV 95.0 MPH)
Batting: RHB Jason Ostrom 0-0: Ball
1-0: Called Strike
1-1: Foul Ball, location: 2F
1-2: Foul Ball, location: 2F
1-2: Ball
2-2: SINGLE (Groundball, 56D, EV 86.9 MPH) (infield hit)
Batting: RHB John Manocchio Pickoff Play to 1st, Runner tries for 2nd, OUT after rundown.
Top of the 5th over - 0 runs, 1 hit, 0 errors, 0 left on base; Williamsport 2 - Milwaukee (NYP) 1
BOTTOM OF THE 5TH
Milwaukee (NYP) Brewers batting - Pitching for Williamsport Crosscutters : LHP Drew Roemer
Batting: SHB Craig Wright 0-0: Swinging Strike
0-1: Called Strike
0-2: Ball
1-2: Ground out 5-3 (Groundball, 5S, EV 94.4 MPH)
Batting: RHB Jonathan Sarles 0-0: Swinging Strike
0-1: Ball
1-1: Ball
2-1: Fly out, F9 (Flyball, 9D, EV 104.4 MPH)
Batting: RHB Michael Dickerson 0-0: Called Strike
0-1: Foul Ball, location: 2F
0-2: Fly out, F8 (Flyball, 8LXD, EV 100.6 MPH)
Bottom of the 5th over - 0 runs, 0 hits, 0 errors, 0 left on base; Williamsport 2 - Milwaukee (NYP) 1
TOP OF THE 6TH
Williamsport Crosscutters batting - Pitching for Milwaukee (NYP) Brewers : RHP Jay Cowgill
Pitching: LHP Bryan Gagnon
Batting: RHB John Manocchio 0-0: DOUBLE (Line Drive, 7LD, EV 105.0 MPH)
Batting: RHB John Parra 0-0: Intentional Walk
Batting: SHB Nick Chandler 0-0: Ball
1-0: Ball
2-0: Called Strike
2-1: Foul Ball, location: 2F
2-2: Grounds into double play, 4-6-3 (Groundball, 4, EV 88.8 MPH)
John Manocchio to third
Batting: RHB Shintaro Katsumata 0-0: Intentional Walk
Batting: SHB Art Kent 0-0: Ball
1-0: Called Strike
1-1: Ball
2-1: DOUBLE (Line Drive, 3D, EV 106.2 MPH)
John Manocchio scores
Shintaro Katsumata to third
Runner from 3rd tries for Home, SAFE, throw by RF to home
Batting: RHB Nick Cottrell 0-0: Ball
1-0: Ground out 4-3 (Groundball, 4, EV 83.1 MPH)
Top of the 6th over - 2 runs, 2 hits, 0 errors, 1 left on base; Williamsport 4 - Milwaukee (NYP) 1
BOTTOM OF THE 6TH
Milwaukee (NYP) Brewers batting - Pitching for Williamsport Crosscutters : LHP Drew Roemer
Batting: RHB Chris Maul 0-0: Called Strike
0-1: Called Strike
0-2: SINGLE (Line Drive, 9S, EV 113.1 MPH)
Batting: LHB Jason Raker Pickoff Play to 1st, Runner tries for 2nd, OUT after rundown.
0-0: Called Strike
0-1: Fly out, F4 (Popup, 4M, EV 78.1 MPH)
Batting: RHB Victor Alarcon 0-0: Foul Ball, location: 2F
0-1: Swinging Strike
0-2: Ball
1-2: SINGLE (Groundball, 4MD, EV 103.8 MPH)
Batting: SHB Justin Hensley 0-0: Ball
Victor Alarcon steals 2nd, throwing error, E2
Victor Alarcon to third
1-0: Foul Ball, location: 2F
1-1: SINGLE (Line Drive, 8RS, EV 108.1 MPH)
Victor Alarcon scores
Batting: RHB Jose Cerritos 0-0: Called Strike
0-1: SINGLE (Groundball, 6M, EV 105.6 MPH) (infield hit)
Justin Hensley to second
Batting: SHB Aaron Neill 0-0: Fly out, F8 (Flyball, 8RD, EV 96.2 MPH)
Bottom of the 6th over - 1 run, 4 hits, 1 error, 2 left on base; Williamsport 4 - Milwaukee (NYP) 2
TOP OF THE 7TH
Williamsport Crosscutters batting - Pitching for Milwaukee (NYP) Brewers : LHP Bryan Gagnon
Pitching: RHP Alberto Cordovi
Batting: RHB Bill Williams 0-0: Ball
1-0: Ball
2-0: Ball
3-0: Called Strike
3-1: Base on Balls
Batting: RHB Xavier Castellanos 0-0: Bunted foul
0-1: Bunted foul
0-2: Foul Ball, location: 2F
0-2: Foul Ball, location: 2F
0-2: Ball
1-2: Fielders Choice at 2nd, 5-4 (Groundball, 56, EV 99.4 MPH)
Batting: RHB Jason Ostrom 0-0: Ball
1-0: Ball
2-0: Called Strike
2-1: Ball
3-1: Called Strike
3-2: Base on Balls
Xavier Castellanos to second
Batting: RHB John Manocchio 0-0: Ball
1-0: Ball
2-0: Foul Ball, location: 2F
2-1: Swinging Strike
2-2: Ball
3-2: Base on Balls
Xavier Castellanos to third
Jason Ostrom to second
Batting: RHB John Parra 0-0: Ball
1-0: Ball
2-0: Ball
3-0: Called Strike
3-1: Foul Ball, location: 2F
3-2: Foul Ball, location: 2F
3-2: Foul Ball, location: 2F
3-2: Base on Balls
Xavier Castellanos scores
Jason Ostrom to third
John Manocchio to second
Batting: SHB Nick Chandler 0-0: Ball
1-0: SINGLE (Groundball, 34D, EV 110.6 MPH)
Jason Ostrom scores
John Manocchio to third
John Parra to second
Batting: RHB Shintaro Katsumata 0-0: Called Strike
0-1: Ball
1-1: Ball
2-1: Swinging Strike
2-2: SINGLE (Groundball, 56, EV 96.9 MPH)
John Manocchio scores
John Parra to third
Nick Chandler to second
Runner from 3rd tries for Home, SAFE, throw by LF to home
Pitching: LHP Tom Barone
Batting: SHB Art Kent 0-0: Ball
1-0: Ball
2-0: Grounds into double play, 5-4-3 (Groundball, 56, EV 90.6 MPH)
Top of the 7th over - 4 runs, 2 hits, 0 errors, 1 left on base; Williamsport 8 - Milwaukee (NYP) 2
BOTTOM OF THE 7TH
Milwaukee (NYP) Brewers batting - Pitching for Williamsport Crosscutters : LHP Drew Roemer
Batting: SHB Craig Wright 0-0: Ball
1-0: Ground out 4-3 (Groundball, 4, EV 82.5 MPH)
Batting: RHB Jonathan Sarles 0-0: Called Strike
0-1: Ball
1-1: Fly out, F7 (Line Drive, 78D, EV 89.4 MPH)
Batting: RHB Michael Dickerson 0-0: Foul Ball, location: 2F
0-1: Fly out, F9 (Flyball, 9, EV 96.2 MPH)
Bottom of the 7th over - 0 runs, 0 hits, 0 errors, 0 left on base; Williamsport 8 - Milwaukee (NYP) 2
TOP OF THE 8TH
Williamsport Crosscutters batting - Pitching for Milwaukee (NYP) Brewers : LHP Tom Barone
Batting: RHB Nick Cottrell 0-0: Swinging Strike
0-1: Foul Ball, location: 2F
0-2: Ball
1-2: Ball
2-2: Strikes out swinging
Batting: RHB Bill Williams 0-0: Ball
1-0: Called Strike
1-1: Called Strike
1-2: Strikes out swinging
Batting: RHB Xavier Castellanos 0-0: Called Strike
0-1: Ball
1-1: Foul Ball, location: 2F
1-2: Ball
2-2: Ball
3-2: Base on Balls
Batting: RHB Jason Ostrom 0-0: Ball
1-0: Swinging Strike
1-1: Foul Ball, location: 2F
1-2: Foul Ball, location: 2F
1-2: Foul Ball, location: 2F
1-2: Foul Ball, location: 2F
1-2: Ball
2-2: Ground out 5-3 (Groundball, 56S, EV 70.0 MPH)
Top of the 8th over - 0 runs, 0 hits, 0 errors, 1 left on base; Williamsport 8 - Milwaukee (NYP) 2
BOTTOM OF THE 8TH
Milwaukee (NYP) Brewers batting - Pitching for Williamsport Crosscutters : LHP Drew Roemer
Batting: RHB Chris Maul 0-0: Ball
1-0: Ball
2-0: Swinging Strike
2-1: Fly out, F9 (Flyball, 89S, EV 80.6 MPH)
Batting: LHB Jason Raker 0-0: Ball
1-0: Foul Ball, location: 2F
1-1: Ball
2-1: Called Strike
2-2: Ground out 6-3 (Groundball, 6M, EV 88.8 MPH)
Pitching: LHP Justin Thornton
Batting: RHB Victor Alarcon 0-0: Ball
1-0: Swinging Strike
1-1: Ball
2-1: SINGLE (Groundball, 6S, EV 63.1 MPH) (infield hit)
Batting: SHB Justin Hensley 0-0: Ball
1-0: Ball
2-0: Ball
3-0: Base on Balls
Victor Alarcon to second
Batting: RHB Jose Cerritos 0-0: Fielders Choice at 2nd, U4 (Groundball, 4M, EV 84.4 MPH)
Bottom of the 8th over - 0 runs, 1 hit, 0 errors, 2 left on base; Williamsport 8 - Milwaukee (NYP) 2
TOP OF THE 9TH
Williamsport Crosscutters batting - Pitching for Milwaukee (NYP) Brewers : LHP Tom Barone
Batting: RHB John Manocchio 0-0: Swinging Strike
0-1: Called Strike
0-2: Ball
1-2: Ground out U3 (Groundball, 3, EV 87.5 MPH)
Batting: RHB John Parra 0-0: Foul Ball, location: 2F
0-1: Ball
1-1: Ball
2-1: Called Strike
2-2: Strikes out swinging
Batting: SHB Nick Chandler 0-0: Swinging Strike
0-1: Ball
1-1: DOUBLE (Line Drive, 7LS, EV 93.1 MPH)
Batting: RHB Shintaro Katsumata 0-0: Ball
1-0: Swinging Strike
1-1: Ball
2-1: Swinging Strike
2-2: Strikes out swinging
Top of the 9th over - 0 runs, 1 hit, 0 errors, 1 left on base; Williamsport 8 - Milwaukee (NYP) 2
BOTTOM OF THE 9TH
Milwaukee (NYP) Brewers batting - Pitching for Williamsport Crosscutters : LHP Justin Thornton
Batting: SHB Aaron Neill 0-0: Ball
1-0: SINGLE (Line Drive, 56D, EV 109.4 MPH)
Batting: SHB Craig Wright 0-0: Grounds into double play, 4-6-3 (Groundball, 4D, EV 92.5 MPH)
Batting: RHB Jonathan Sarles 0-0: Called Strike
0-1: Ground out 6-3 (Groundball, 56, EV 93.8 MPH)
Bottom of the 9th over - 0 runs, 1 hit, 0 errors, 0 left on base; Williamsport 8 - Milwaukee (NYP) 2
Tuesday, March 28th , 2023 - OOTP Baseball 23.10 Build 110